 Dungeon Crawl Stone Soup version 0.21.0 (webtiles) character file.

299 Hekarica the Insei (level 6, -2/40 HPs)
             Began as an Octopode Transmuter on May 20, 2018.
             Slain by an adder (5 damage)
             ... on level 4 of the Dungeon.
             The game lasted 00:14:52 (3354 turns).

Hekarica the Insei (Octopode Transmuter)            Turns: 3354, Time: 00:14:53

Health: -2/40      AC:  1    Str: 11    XL:     6   Next: 36%
Magic:  10/10      EV: 13    Int: 16    God:
Gold:   189        SH:  5    Dex: 12    Spells: 10/11 levels left

rFire    . . .     SeeInvis .     - Unarmed
rCold    . . .     Gourm    .   o - +2 buckler
rNeg     . . .     Faith    .   (helmet restricted)
rPois    .         Spirit   .   (no amulet)
rElec    .         Reflect  .   n - ring of loudness (curse)
rCorr    .         Harm     .   (no ring)
MR       .....                  (no ring)
Stlth    ++........             (no ring)
HPRegen  0.13/turn              (no ring)
MPRegen  0.12/turn              (no ring)
                                (no ring)
                                (no ring)

@: about to teleport, very slightly contaminated, drained
A: almost no armour, stealthy swim, amphibious, 8 rings, constrict 8, camouflage
1, gelatinous body 1
a: no special abilities


You were on level 4 of the Dungeon.
You were not hungry.

You visited 1 branch of the dungeon, and saw 4 of its levels.

You collected 189 gold pieces.

Inventory:

Missiles
 a - 53 arrows
Armour
 o - a +2 buckler (worn)
Jewellery
 n - a cursed ring of loudness (left tentacle)
Wands
 l - a wand of paralysis (12)
Scrolls
 i - 2 scrolls of identify
Potions
 d - 2 potions of lignification {unknown}
 e - 2 potions of heal wounds {unknown}
 f - a potion of degeneration {unknown}
 g - a potion of magic {unknown}
 h - 2 potions of haste {unknown}
 m - a potion of brilliance {unknown}
Books
 b - a book of Changes

   Spells                             Type                      Level
   a - Beastly Appendage              Transmutation                1
   b - Sticks to Snakes               Transmutation                2
   c - Spider Form                    Transmutation/Poison         3
   d - Ice Form                       Ice/Transmutation            4
   e - Blade Hands                    Transmutation                5
Comestibles
 c - 4 rations


   Skills:
 + Level 2.3(1.9) Fighting
 - Level 3.0(2.5) Dodging
 + Level 3.3(2.8) Stealth
 + Level 0.8(0.4) Shields
 + Level 3.8(3.3) Unarmed Combat
 + Level 3.0(2.5) Spellcasting
 + Level 3.3(2.8) Transmutations


You had 10 spell levels left.
You knew the following spells:

 Your Spells              Type           Power        Failure   Level  Hunger
a - Beastly Appendage     Tmut           ##....       10%         1    #......


Dungeon Overview and Level Annotations

Branches:
Dungeon (4/15)
 Temple: D:4-7

Altars:
Sif Muna

Annotations:
D:4 Eustachio


Innate Abilities, Weirdness & Mutations

You cannot wear most types of armour.
You are very stealthy in the water. (Stealth+)
You are amphibious.
You can wear up to eight rings at the same time.
You can use your tentacles to constrict eight enemies at once.
Your skin changes colour to match your surroundings (Stealth+).
Your rubbery body absorbs attacks. (AC +1, EV +1)


Message History

Eustachio blinks!
As you read the scroll labeled SARRIC HUBBIUBI, it crumbles to dust.
You feel strangely unstable.
It was a scroll of teleportation.
The giant cockroach barely misses you. You block the adder's attack.
Eustachio barely misses you.
Unknown command.
You tentacle-slap the giant cockroach. Your grab misses the giant cockroach.
The giant cockroach is lightly wounded.
The giant cockroach misses you. The adder closely misses you.
The giant cockroach closely misses you.
You completely miss the giant cockroach.
You grab the giant cockroach. You squeeze the giant cockroach.
You kill the giant cockroach!
You block the adder's attack.
Eustachio casts a spell.
The adder barely misses you.
You tentacle-slap the adder. Your grab misses the adder.
The adder is heavily wounded.
Eustachio barely misses you. The adder bites you.
You die...

... (.. #.. #.#. #.. .#.
+.. .. #.. #####.##
#r########..
....#..######zz@@†......
#............z###S....##
..............# .....+
......%.......# .....#
...........zz.# .....#
..............# .....#
..........)...# .....#
..............# .....#
..(...........#


You could see Eustachio, 3 wights, an adder and a quokka.

Vanquished Creatures
  A wight (D:4)
  A hound (D:4)
  A centaur skeleton (D:4)
  A bullfrog skeleton (D:3)
  Terence (D:3)
  A worker ant (D:3)
  2 adders
  An adder skeleton (D:3)
  3 dart slugs
  4 leopard geckos
  4 orcs (D:3)
  A ball python (D:1)
  5 giant cockroaches
  15 goblins
  12 hobgoblins
  4 jackals (D:1)
  2 quokkas
  8 bats
  3 frilled lizards
  5 kobolds
  12 rats
87 creatures vanquished.

Notes
Turn   | Place    | Note
-------+----------+-------------------------------------------
     0 | D:1      | Hekarica the Octopode Transmuter began the quest for the Orb.
     0 | D:1      | Reached XP level 1. HP: 13/13 MP: 3/3
   206 | D:1      | Reached XP level 2. HP: 15/18 MP: 5/5
   448 | D:1      | Reached skill level 1 in Stealth
   702 | D:1      | Reached XP level 3. HP: 16/23 MP: 4/6
  1597 | D:2      | Reached XP level 4. HP: 17/28 MP: 7/7
  1721 | D:2      | Learned a level 1 spell: Beastly Appendage
  2085 | D:2      | Found a deep blue altar of Sif Muna.
  2585 | D:3      | Reached XP level 5. HP: 33/34 MP: 8/8
  3099 | D:3      | Noticed Terence
  3107 | D:3      | Killed Terence
  3301 | D:4      | Reached XP level 6. HP: 38/39 MP: 10/10
  3346 | D:4      | Noticed Eustachio
  3350 | D:4      | HP: 2/40 [adder (2)]
  3354 | D:4      | Slain by an adder

Skill      XL: |  1  2  3  4  5  6 |
---------------+-------------------+-----
Stealth        | 1 2 3 |  3.3
Fighting       | 2 |  2.3
Transmutations | 3 |  3.3
Dodging        | 3 |  3.0
Spellcasting   | 3 |  3.0
Shields        | |  0.8
Unarmed Combat | |  3.8

Action                   |  1- 3 |  4- 6 || total
-------------------------+-------+-------++-------
Melee: Unarmed           |    90 |   123 ||   213
       Constrict         |    22 |    34 ||    56
       Tentacles         |    20 |    22 ||    42
       Kick              |     6 |     7 ||    13
       Punch             |     1 |     1 ||     2
 Cast: Beastly Appendage |     3 |     3 ||     6
  Use: Scroll            |       |     8 ||     8
 Stab: Sleeping          |    10 |     5 ||    15
  Eat: Ration            |     1 |     2 ||     3
Armor: Skin              |     8 |     6 ||    14
Dodge: Dodged            |    44 |    85 ||   129
Block: Buckler           |       |     7 ||     7
